 Dungeon Crawl Stone Soup version 0.14-a0-1444-g21dc12d (webtiles) character file.

658 PolkaDot the Ruinous (level 7, -1/46 HPs)
             Began as a Vampire Conjurer on Dec 13, 2013.
             Slain by Duvessa
             ... wielding a +3,+0 elven short sword
              (13 damage)
             ... on Level 5 of the Dungeon.
             The game lasted 00:23:30 (5977 turns).

PolkaDot the Ruinous (Vampire Conjurer)             Turns: 5977, Time: 00:23:31

HP  -1/46        AC  3     Str  3 (7)  XL: 7   Next: 10%
MP   4/12        EV 12     Int 24      God:
Gold 94          SH  0     Dex 14      Spells:  3 memorised,  3 levels left

rFire  . . .     SeeInvis +     m - +0,+2 elf dagger (venom)
rCold  . . .     Clarity  .     b - +0 elf robe
rNeg   + . .     Conserve .     (no shield)
rPois  .         rCorr    .     (no helmet)
rElec  .         rRot     .     t - +0 cloak
SustAb . .       Spirit   .     (no gloves)
rMut   .         Warding  .     (no boots)
Saprov . . .     Stasis   .     (no amulet)
                                (no ring)
                                (no ring)

@: brilliant, slightly resistant to hostile enchantments, stealthy
A: bottle blood, fangs 3, see invisible, unbreathing
a: Bat Form, Bottle Blood


You were on level 5 of the Dungeon.
You were not thirsty.

You visited 1 branch of the dungeon, and saw 5 of its levels.

You collected 94 gold pieces.

Inventory:

Hand weapons
 m - a +0,+2 elven dagger of venom (weapon)
Armour
 b - a +0 elven robe (worn)
 t - a +0 cloak (worn)
Magical devices
 s - a wand of enslavement (5)
Scrolls
 d - a scroll of curse weapon {unknown}
 e - 2 scrolls of immolation {unknown}
 f - 2 scrolls of identify {unknown}
 i - 3 scrolls of remove curse {unknown}
 j - a scroll of random uselessness {unknown}
 l - a scroll of recharging {unknown}
 n - a scroll of blinking {unknown}
 p - a scroll of enchant weapon II {unknown}
 r - 2 scrolls of curse jewellery {unknown}
Potions
 g - 2 potions of curing
Books
 c - a book of Conjurations

   Spells                             Type                      Level
   *Magic Dart                        Conjuration                  1
   *Searing Ray                       Conjuration                  2
   Dazzling Spray                     Conjuration/Hexes            3
   *Iskenderun's Mystic Blast         Conjuration                  4
   Iskenderun's Battlesphere          Conjuration/Charms           4
   Fulminant Prism                    Conjuration/Hexes            5


   Skills:
 - Level 2.1 Dodging
 - Level 3.0 Stealth
 - Level 2.0 Spellcasting
 * Level 6.5 Conjurations


You had 3 spell levels left.
You knew the following spells:

 Your Spells              Type           Power        Failure   Level  Hunger
a - Magic Dart            Conj           ####         1%          1    #......
d - Iskenderun's Mystic   Conj           #####...     1%          4    #####..
s - Searing Ray           Conj           #####.       1%          2    ##.....


Dungeon Overview and Level Annotations

Branches:
Dungeon (5/16)
 Temple: D:4-7

Altars:

Annotations:
D:5 Duvessa


Innate Abilities, Weirdness & Mutations

You can bottle blood from corpses.
You have razor-sharp teeth.*
You have supernaturally acute eyesight.
You can survive without breathing.*


Message History

Duvessa is lightly wounded.
Duvessa hits you with a runed elven short sword.
The searing ray hits Duvessa.
Duvessa is severely wounded.
Duvessa hits you with a runed elven short sword!
Casting: Searing Ray
Confirm with . or Enter, or press ? or * to list all spells.
Aiming: Searing Ray
Press: ? - help, Shift-Dir - straight line, f/p - Duvessa
Aim: Duvessa, wielding a runed elven short sword and wearing an elven leather armour (severely wounded, berserk)
The searing ray hits Duvessa.
Duvessa is severely wounded.
Duvessa hits you with a runed elven short sword!
* * * LOW HITPOINT WARNING * * *
The searing ray hits Duvessa.
Duvessa is almost dead.
Duvessa hits you with a runed elven short sword.
* * * LOW HITPOINT WARNING * * *
Duvessa hits you with a runed elven short sword!
You die...

#.# # #%### ..
#...# .. ###.# .#
#.# .# #.# .# #.#
.#
#.#############e#
#.............@.#
#################


You could see Duvessa (berserk).

Vanquished Creatures
  A phantom (D:3)
  An ogre (D:4)
  Dowan (D:5)
  A gnoll shaman (D:5)
  Crazy Yiuf (D:5)
  An orc wizard (D:3)
  Ijyb (D:4)
  14 gnolls
  2 adders (D:2)
  An inept feature mimic (D:5)
  2 worms
  6 giant geckos
  3 oozes
  6 orcs
  8 giant cockroaches
  7 goblins
  9 hobgoblins
  14 kobolds
  2 quokkas (D:4)
  10 bats
  3 giant newts
  A goblin zombie (D:5)
  A kobold skeleton (D:4)
  9 rats
105 creatures vanquished.

Notes
Turn   | Place    | Note
--------------------------------------------------------------
     0 | D:1      | PolkaDot, the Vampire Conjurer, began the quest for the Orb.
     0 | D:1      | Reached XP level 1. HP: 13/13 MP: 3/3
   526 | D:1      | Reached XP level 2. HP: 17/19 MP: 0/4
  1054 | D:1      | Somebody: What happened? :x
  1056 | D:1      | PolkaDot: Yaktaur
  1056 | D:1      | Somebody: Also, did you know that "Ziggurat loot scales to the entry fee"?
  1056 | D:1      | PolkaDot: Nope
  1056 | D:1      | PolkaDot: I do now ;p
  1243 | D:1      | Learned a level 2 spell: Searing Ray
  1542 | D:2      | Reached XP level 3. HP: 24/24 MP: 3/6
  2076 | D:2      | Reached skill level 4 in Conjurations
  2377 | D:3      | Somebody: Take care.
  2380 | D:3      | PolkaDot: Naturally :)
  2415 | D:3      | Somebody: I mean, better than last time. :p
  2416 | D:3      | PolkaDot: xD
  2416 | D:3      | PolkaDot: I learnt my lesson about Yaktaurs ;)
  2430 | D:3      | Reached XP level 4. HP: 12/30 MP: 3/7
  2512 | D:3      | Somebody: I think I will finally learn Borgnjor's, although Haunt works semi-reliably well in shielding one from hellfire.
  2695 | D:3      | PolkaDot: A goo thing to have on hand :)
  2695 | D:3      | PolkaDot: good*
  2813 | D:3      | Noticed a phantom
  2890 | D:3      | Killed a phantom
  2890 | D:3      | Reached skill level 5 in Conjurations
  2890 | D:3      | Reached XP level 5. HP: 9/35 MP: 0/9
  3590 | D:3      | Somebody: I am also now on the second page of ??ziggurat[4] with nine Ziggurats cleared in one game. :p
  3590 | D:3      | PolkaDot: :o
  3590 | D:3      | PolkaDot: Very nice
  3685 | D:3      | Learned a level 4 spell: Iskenderun's Mystic Blast
  3770 | D:3      | Somebody: I think I can do better, though.
  3791 | D:3      | PolkaDot: Definitely!
  3791 | D:3      | PolkaDot: do all the zigs! :D
  4191 | D:4      | Somebody: I also feel bad for not having won comparable amount of times. :p
  4194 | D:4      | Reached XP level 6. HP: 41/41 MP: 4/10
  4195 | D:4      | Somebody: Maybe I *have* underrated winning.
  4195 | D:4      | PolkaDot: I'm in the region of 700 games unwon
  4195 | D:4      | Somebody: I am in the region of 460. :p
  4195 | D:4      | PolkaDot: if I kepe this up, I'll be able to put myself forward for the terrible players list ;p
  4286 | D:4      | Somebody: What's that list, by the way?
  4289 | D:4      | Somebody: Nevermind, I'll find the entry later.
  4289 | D:4      | PolkaDot: in the chat :)
  4364 | D:4      | Noticed Ijyb
  4387 | D:4      | Killed Ijyb
  4577 | D:4      | Noticed an ogre
  4585 | D:4      | Killed an ogre
  4801 | D:4      | Reached skill level 6 in Conjurations
  5197 | D:4      | Somebody: I might consider it.
  5206 | D:4      | PolkaDot: sorry
  5206 | D:4      | PolkaDot: I was called away rather urgently >.>
  5374 | D:5      | Entered Level 5 of the Dungeon
  5548 | D:5      | Noticed Crazy Yiuf
  5556 | D:5      | Killed Crazy Yiuf
  5669 | D:5      | Reached XP level 7. HP: 26/46 MP: 3/12
  5845 | D:5      | Found Aguedim's Armour Emporium.
  5845 | D:5      | Noticed Dowan
  5849 | D:5      | Noticed Duvessa
  5872 | D:5      | Killed Dowan
  5945 | D:5      | Aguedim's Armour Emporium was a mimic.
  5977 | D:5      | Slain by Duvessa

Action                   |  1- 3 |  4- 6 |  7- 9 || total
-------------------------+-------+-------+-------++-------
Melee: Unarmed           |    35 |       |       ||    35
       Short sword       |     2 |     4 |       ||     6
       Dagger            |       |    31 |     3 ||    34
 Cast: Magic Dart        |    89 |    67 |     2 ||   158
       Searing Ray       |     1 |    26 |     5 ||    32
 Abil: End Transformatio |     1 |       |       ||     1
       Bat Form          |     1 |       |       ||     1
Evoke: Wand              |       |     1 |       ||     1
  Use: Potion            |     1 |     6 |     1 ||     8
 Stab: Sleeping          |       |     1 |       ||     1
